 Dungeon Sprint DCSS version 0.29-a0-356-g7bc237e783 (webtiles) character file.

Game seed: 3645010786745378794

7600000 Zeldest the Archmage (level 27, -5/249 HPs)
             Began as a Mummy Warper on Apr 25, 2022.
             Was the Champion of Makhleb.
             Slain by The Servant
             ... wielding a +9 glaive of flaming
              (55 damage)
             ... in the Dungeon (Sprint VIII: "Arena of Blood").
             The game lasted 00:04:24 (76 turns).

Zeldest the Archmage (Mummy Warper)                   Turns: 76, Time: 00:04:25

Health: -5/249     AC:  6    Str: 15    XL:     27
Magic:  24/54      EV: 35    Int: 14    God:    Makhleb [******]
Gold:   0          SH:  0    Dex: 23    Spells: 80/80 levels left

rFire   x . .      SeeInvis .   e - +∞ Axe of Woe
rCold   + . .      Faith    .   (shield currently unavailable)
rNeg    + + +      Spirit   .   b - +0 leather armour
rPois   ∞          Reflect  .   (no helmet)
rElec   .          Harm     .   (no cloak)
rCorr   .          Rampage  .   (no gloves)
Will    +++..      NoTele   +   (no boots)
Stlth   +++++++++.              (no amulet)
HPRegen 0.51/turn               (no ring)
MPRegen 0.34/turn               (no ring)

@: slowed, very slow
A: cold resistance 1, negative energy resistance 3, torment resistance 2, heat
vulnerability 1, in touch with death 2, no potions
a: Renounce Religion, Minor Destruction, Lesser Servant of Makhleb, Major
Destruction, Greater Servant of Makhleb


You were in the Dungeon.
You worshipped Makhleb.
Makhleb was exalted by your worship.
You visited 1 branch

Inventory:

Hand Weapons
 a - a +0 hand axe
 e - the +∞ Axe of Woe (weapon)
   (You found it in the Dungeon)
Missiles
 d - 7 boomerangs of dispersal (quivered)
Armour
 b - a +0 leather armour (worn)
Scrolls
 c - a scroll of blinking


   Skills:
 O Level 27 Fighting
 + Level 23.1(26.7) Short Blades
 + Level 23.0(26.7) Long Blades
 O Level 27 Axes
 + Level 23.0(27) Maces & Flails
 + Level 23.0(27) Polearms
 + Level 23.0(27) Staves
 + Level 23.1(26.7) Slings
 + Level 23.1 Bows
 + Level 23.0 Crossbows
 + Level 23.1(26.7) Throwing
 O Level 27 Armour
 O Level 27 Dodging
 + Level 24.9 Stealth
 + Level 23.1 Shields
 + Level 23.0 Unarmed Combat
 O Level 27 Spellcasting
 + Level 23.0 Conjurations
 + Level 24.8 Hexes
 + Level 23.0 Summonings
 + Level 26.8 Necromancy
 O Level 27 Translocations
 + Level 23.0 Transmutations
 + Level 23.1 Fire Magic
 + Level 23.0 Ice Magic
 + Level 23.0 Air Magic
 + Level 23.1 Earth Magic
 + Level 23.1 Poison Magic
 + Level 24.8 Invocations
 + Level 23.0 Evocations


You had 80 spell levels left.
You didn't know any spells.
Your spell library contained the following spells:

 Spells                   Type           Power      Damage    Failure   Level
 Blink                    Tloc           100%       N/A       0%          2
 Gell's Gravitas          Tloc           76%        N/A       0%          3
 Lesser Beckoning         Tloc           76%        N/A       0%          3
 Teleport Other           Tloc           76%        N/A       0%          3
 Manifold Assault         Tloc           76%        N/A       0%          5


Dungeon Overview and Level Annotations

Branches:
Dungeon (1/1)

Altars:
Makhleb

Annotations:
D The Servant


Innate Abilities, Weirdness & Mutations

You are immune to poison.
Your flesh is cold resistant. (rC+)
You are immune to negative energy. (rN+++)
You are immune to unholy pain and torment.
You are vulnerable to heat. (rF-)
You are strongly in touch with the powers of death.
You do not drink.


Message History

Makhleb accepts your kill.
You feel better.
You slice the dread!!
You fatally mangle the dread.
You destroy the dread!
Makhleb accepts your kill.
You feel better.
You hit the dread.
You hew the dread savagely.
You destroy the dread!
Makhleb accepts your kill.
You feel better.
You hear a shout! x7
Your cacodemon hits the destroyer!!
Your cacodemon completely misses the destroyer.
You hear a shout! x5
The destroyer hits your cacodemon with a +9 vorpal great sword!!!
The destroyer bites your cacodemon but does no damage.
Your base Short Blades skill increases to level 23!
Your base Long Blades skill increases to level 23!
Your base Maces & Flails skill increases to level 23!
Your base Polearms skill increases to level 23!
Your base Staves skill increases to level 23!
Your base Slings skill increases to level 23!
Your Bows skill increases to level 23!
Your Crossbows skill increases to level 23!
Your base Throwing skill increases to level 23!
Your Shields skill increases to level 23!
Your Unarmed Combat skill increases to level 23!
Your Conjurations skill increases to level 23!
Your Summonings skill increases to level 23!
Your Transmutations skill increases to level 23!
Your Fire Magic skill increases to level 23!
Your Ice Magic skill increases to level 23!
Your Air Magic skill increases to level 23!
Your Earth Magic skill increases to level 23!
Your Poison Magic skill increases to level 23!
Your Evocations skill increases to level 23!
A bag of meat comes into view. It is wielding a +9 war axe.
You hear a shout! x7
The Servant hits you with a +9 glaive of flaming!!!!
* * * LOW HITPOINT WARNING * * *
The Servant burns you!!!
You die...

....o..# .oo....
.#......# ........
.......#
o......O.##.....#
#................#
.........###o.o..#
............V.o@.#
.....#.#....☼2))@#
)).......)°)....=#
))..#.#)#)).§))..#
○)....)))).))....#
.....#)#)#..#)...#
#..........#.....#
............#....#
...........#.....#
.................#


You could see The Servant, a destroyer (ally target), 4 bags of meat and a
friendly cacodemon (summoned).

Vanquished Creatures
  A hell beast (D)
  3 royal mummies (D)
  3 wraiths (D)
  13 vampire knights (D)
  35 ogres (D)
  8 two-headed ogres (D)
  2 liches (D)
  65 orcs (D)
130 creatures vanquished.

Notes
Turn   | Place    | Note
-------+----------+-------------------------------------------
     0 | D        | Found the +∞ Axe of Woe
     0 | D        | Zeldest the Mummy Warper began the quest for the Orb.
     0 | D        | Reached XP level 1. HP: 16/16 MP: 4/4
     2 | D        | Noticed a bag of meat
     3 | D        | Noticed a meat berserker
     3 | D        | Killed a meat berserker
     4 | D        | Reached skill level 10 in Axes
     4 | D        | Reached skill level 10 in Armour
     4 | D        | Reached skill level 10 in Dodging
     4 | D        | Reached skill level 15 in Spellcasting
     4 | D        | Reached skill level 10 in Translocations
     4 | D        | Reached XP level 2. HP: 39/39 MP: 4/18
     4 | D        | Gained mutation: You are in touch with the powers of death.
                  | [Mummy growth]
     4 | D        | Reached XP level 3. HP: 45/45 MP: 4/19
     4 | D        | Reached XP level 4. HP: 52/52 MP: 4/21
     4 | D        | Reached XP level 5. HP: 58/58 MP: 4/22
     4 | D        | Reached XP level 6. HP: 65/65 MP: 4/24
     4 | D        | Reached XP level 7. HP: 71/71 MP: 4/25
     4 | D        | Reached XP level 8. HP: 78/78 MP: 4/27
     4 | D        | Reached XP level 9. HP: 84/84 MP: 4/28
     4 | D        | Reached XP level 10. HP: 91/91 MP: 4/29
     4 | D        | Reached XP level 11. HP: 96/96 MP: 4/30
     4 | D        | Became a worshipper of Makhleb the Destroyer
     5 | D        | Noticed a bag of meat
     6 | D        | Noticed a bag of meat
     8 | D        | Noticed a meat berserker
     8 | D        | Killed a bag of meat
     8 | D        | Noticed a bag of meat
     8 | D        | Noticed a bag of meat
     9 | D        | Reached XP level 12. HP: 106/106 MP: 5/32
     9 | D        | Killed a meat berserker
     9 | D        | Reached * piety under Makhleb
     9 | D        | Killed a bag of meat
     9 | D        | Noticed a bag of meat
     9 | D        | Noticed a bag of meat
     9 | D        | Noticed a bag of meat
    10 | D        | Gained mutation: You are strongly in touch with the powers
                  | of death. [Mummy growth]
    10 | D        | Reached XP level 13. HP: 117/117 MP: 5/35
    10 | D        | Noticed a meat berserker
    11 | D        | Killed a bag of meat
    11 | D        | Noticed a meat berserker
    11 | D        | Noticed a meat berserker
    11 | D        | Noticed a bag of meat
    12 | D        | Reached XP level 14. HP: 126/126 MP: 6/37
    12 | D        | Noticed a meat berserker
    12 | D        | Noticed a meat berserker
    12 | D        | Noticed a meat berserker
    13 | D        | Killed a bag of meat
    13 | D        | Reached ** piety under Makhleb
    13 | D        | Noticed a meat berserker
    13 | D        | Noticed a meat berserker
    14 | D        | Killed a meat berserker
    14 | D        | Killed a meat berserker
    14 | D        | Killed a bag of meat
    14 | D        | Reached *** piety under Makhleb
    14 | D        | Killed a meat berserker
    15 | D        | Reached XP level 15. HP: 141/141 MP: 6/42
    15 | D        | Noticed a meat berserker
    15 | D        | Noticed a meat berserker
    15 | D        | Noticed a meat berserker
    15 | D        | Noticed a meat berserker
    16 | D        | Killed a meat berserker
    16 | D        | Killed a meat berserker
    16 | D        | Reached **** piety under Makhleb
    16 | D        | Noticed a meat berserker
    17 | D        | Reached XP level 16. HP: 153/153 MP: 7/45
    17 | D        | Killed a meat berserker
    17 | D        | Noticed a destroyer
    18 | D        | Reached XP level 17. HP: 79/163 MP: 7/47
    18 | D        | Killed a meat berserker
    18 | D        | Reached ***** piety under Makhleb
    19 | D        | Reached skill level 27 in Spellcasting
    19 | D        | Killed a meat berserker
    19 | D        | Killed a meat berserker
    20 | D        | Reached XP level 18. HP: 101/178 MP: 8/49
    20 | D        | Killed a meat berserker
    20 | D        | Killed a meat berserker
    20 | D        | Killed a meat berserker
    20 | D        | Reached ****** piety under Makhleb
    21 | D        | Reached skill level 27 in Fighting
    21 | D        | Noticed a meat berserker
    21 | D        | Noticed a meat berserker
    21 | D        | Noticed a meat berserker
    22 | D        | Killed a meat berserker
    22 | D        | Killed a destroyer
    22 | D        | Noticed a large bag of meat
    22 | D        | Noticed a meat berserker
    23 | D        | Reached XP level 19. HP: 189/189 MP: 9/50
    23 | D        | Killed a large bag of meat
    23 | D        | Noticed a destroyer
    23 | D        | Noticed a meat berserker
    24 | D        | Noticed a meat berserker
    24 | D        | Noticed a meat berserker
    24 | D        | Noticed a large bag of meat
    24 | D        | Noticed a meat berserker
    26 | D        | Reached skill level 5 in Necromancy
    26 | D        | Reached XP level 20. HP: 196/197 MP: 9/51
    26 | D        | Noticed a destroyer
    26 | D        | Noticed a meat berserker
    26 | D        | Noticed a destroyer
    26 | D        | Noticed a destroyer
    26 | D        | Noticed a large bag of meat
    26 | D        | Noticed a large bag of meat
    26 | D        | Noticed a destroyer
    26 | D        | Noticed a large bag of meat
    26 | D        | Noticed a meat berserker
    27 | D        | Killed a destroyer
    27 | D        | Killed a meat berserker
    27 | D        | Killed a large bag of meat
    27 | D        | Noticed a large bag of meat
    28 | D        | Killed a destroyer
    28 | D        | Noticed a large bag of meat
    29 | D        | Reached XP level 21. HP: 174/204 MP: 10/52
    29 | D        | Noticed a destroyer
    30 | D        | Killed a large bag of meat
    31 | D        | Reached skill level 27 in Axes
    31 | D        | Reached skill level 27 in Armour
    31 | D        | Reached skill level 27 in Dodging
    31 | D        | Reached skill level 10 in Necromancy
    31 | D        | Reached skill level 27 in Translocations
    32 | D        | Reached skill level 10 in Stealth
    32 | D        | Killed a large bag of meat
    33 | D        | Reached skill level 10 in Short Blades
    33 | D        | Reached skill level 10 in Long Blades
    33 | D        | Reached skill level 10 in Maces & Flails
    33 | D        | Reached skill level 10 in Polearms
    33 | D        | Reached skill level 10 in Staves
    33 | D        | Reached skill level 10 in Slings
    33 | D        | Reached skill level 10 in Bows
    33 | D        | Reached skill level 10 in Crossbows
    33 | D        | Reached skill level 10 in Throwing
    33 | D        | Reached skill level 10 in Shields
    33 | D        | Reached skill level 10 in Unarmed Combat
    33 | D        | Reached skill level 10 in Conjurations
    33 | D        | Reached skill level 10 in Summonings
    33 | D        | Reached skill level 10 in Transmutations
    33 | D        | Reached skill level 10 in Fire Magic
    33 | D        | Reached skill level 10 in Ice Magic
    33 | D        | Reached skill level 10 in Air Magic
    33 | D        | Reached skill level 10 in Earth Magic
    33 | D        | Reached skill level 10 in Poison Magic
    33 | D        | Reached skill level 10 in Evocations
    33 | D        | Reached XP level 22. HP: 152/212 MP: 11/53
    36 | D        | Reached XP level 23. HP: 206/219 MP: 12/54
    36 | D        | Killed a large bag of meat
    37 | D        | Reached skill level 15 in Necromancy
    37 | D        | Killed a destroyer
    39 | D        | Reached XP level 24. HP: 210/227 MP: 12/54
    39 | D        | Killed a large bag of meat
    39 | D        | Killed a destroyer
    40 | D        | Reached skill level 15 in Stealth
    40 | D        | Reached skill level 15 in Hexes
    40 | D        | Reached skill level 15 in Invocations
    41 | D        | Reached skill level 15 in Bows
    41 | D        | Reached skill level 15 in Earth Magic
    41 | D        | Noticed a destroyer
    43 | D        | Reached skill level 15 in Short Blades
    43 | D        | Reached skill level 15 in Long Blades
    43 | D        | Reached skill level 15 in Maces & Flails
    43 | D        | Reached skill level 15 in Polearms
    43 | D        | Reached skill level 15 in Staves
    43 | D        | Reached skill level 15 in Slings
    43 | D        | Reached skill level 15 in Crossbows
    43 | D        | Reached skill level 15 in Throwing
    43 | D        | Reached skill level 15 in Shields
    43 | D        | Reached skill level 15 in Unarmed Combat
    43 | D        | Reached skill level 15 in Conjurations
    43 | D        | Reached skill level 15 in Summonings
    43 | D        | Reached skill level 15 in Transmutations
    43 | D        | Reached skill level 15 in Fire Magic
    43 | D        | Reached skill level 15 in Ice Magic
    43 | D        | Reached skill level 15 in Air Magic
    43 | D        | Reached skill level 15 in Poison Magic
    43 | D        | Reached skill level 15 in Evocations
    43 | D        | Noticed a destroyer
    44 | D        | Reached XP level 25. HP: 132/234 MP: 14/54
    44 | D        | Killed a large bag of meat
    45 | D        | Killed a destroyer
    45 | D        | Noticed a destroyer
    47 | D        | Killed a destroyer
    47 | D        | Killed a destroyer
    48 | D        | Killed a destroyer
    49 | D        | Noticed an accursed
    49 | D        | Noticed a destroyer
    50 | D        | Noticed an accursed
    51 | D        | Reached XP level 26. HP: 118/242 MP: 15/54
    51 | D        | Noticed an accursed
    52 | D        | Killed a destroyer
    53 | D        | Noticed a destroyer
    54 | D        | Noticed a large bag of meat
    54 | D        | Killed a destroyer
    56 | D        | Reached XP level 27. HP: 220/249 MP: 17/54
    57 | D        | Noticed a tyrant
    57 | D        | Killed a destroyer
    57 | D        | Noticed a destroyer
    58 | D        | Killed an accursed
    58 | D        | Noticed a tyrant
    59 | D        | Noticed a dread
    60 | D        | Killed an accursed
    61 | D        | Killed a tyrant
    62 | D        | Killed a tyrant
    64 | D        | Killed a destroyer
    65 | D        | Killed a large bag of meat
    65 | D        | Noticed a meat beast
    67 | D        | Killed an accursed
    67 | D        | Killed a meat beast
    67 | D        | Noticed a dread
    69 | D        | Killed a dread
    71 | D        | Noticed a dread
    72 | D        | Noticed The Servant
    73 | D        | Noticed a destroyer
    75 | D        | Killed a dread
    75 | D        | Killed a dread
    76 | D        | Slain by The Servant

Illustrated notes

Levels and vault maps discovered:
D:        meatsprint

Skill      XL: |  1  2  3  4  5  6  7  8  9 10 11 12 13 14 15 16 17 18 19 20 21 22 23 24 25 26 27 |
---------------+----------------------------------------------------------------------------------+-----
Fighting       | 12 13 16 20 21 23 25 27 | 27.0
Axes           | 10 11 13 14 17 18 19 22 25 26 27 | 27.0
Armour         | 10 11 13 14 17 18 19 22 26 27 | 27.0
Dodging        | 10 11 13 14 17 18 19 22 26 27 | 27.0
Spellcasting   | 15 16 18 19 23 25 26 27 | 27.0
Translocations | 10 11 13 14 17 18 20 22 26 27 | 27.0
Short Blades   | 4 7 10 12 13 15 17 18 23 | 23.1
Long Blades    | 4 7 10 12 13 15 17 18 23 | 23.0
Maces & Flails | 4 7 10 12 13 15 17 18 23 | 23.0
Polearms       | 4 7 10 11 13 15 17 18 23 | 23.0
Staves         | 4 7 10 12 13 15 17 18 23 | 23.0
Slings         | 4 7 10 12 13 15 17 18 23 | 23.1
Bows           | 4 7 10 12 13 15 17 18 23 | 23.1
Crossbows      | 4 7 10 12 13 15 17 18 23 | 23.0
Throwing       | 4 7 10 12 13 15 17 18 23 | 23.1
Stealth        | 4 7 11 13 14 16 18 20 24 | 24.9
Shields        | 4 7 10 12 13 15 17 18 23 | 23.1
Unarmed Combat | 4 7 10 12 13 15 17 18 23 | 23.0
Conjurations   | 4 7 10 12 13 15 17 18 23 | 23.0
Hexes          | 4 7 11 13 14 16 18 20 24 | 24.8
Summonings     | 4 7 10 12 13 15 17 18 23 | 23.0
Necromancy     | 5 8 12 14 16 18 20 21 26 | 26.8
Transmutations | 4 7 10 11 13 15 17 18 23 | 23.0
Fire Magic     | 4 7 10 12 13 15 17 18 23 | 23.1
Ice Magic      | 4 6 10 11 13 15 17 18 23 | 23.0
Air Magic      | 4 7 10 12 13 15 17 18 23 | 23.0
Earth Magic    | 4 7 10 12 13 15 17 18 23 | 23.1
Poison Magic   | 4 7 10 12 13 15 17 18 23 | 23.1
Invocations    | 4 7 11 13 14 16 18 20 24 | 24.8
Evocations     | 4 7 10 12 13 15 17 18 23 | 23.0

Action                   |  1- 3 |  4- 6 |  7- 9 | 10-12 | 13-15 | 16-18 | 19-21 | 22-24 | 25-27 || total
-------------------------+-------+-------+-------+-------+-------+-------+-------+-------+-------++-------
Melee: Executioner's axe |     1 |       |       |     2 |     4 |     5 |     8 |    10 |    24 ||    54
Invok: Greater Servant o |       |       |       |       |       |       |       |       |     1 ||     1
  Use: Scroll            |       |       |       |       |       |       |     1 |       |       ||     1
Dodge: Dodged            |       |       |       |       |       |       |       |       |     1 ||     1

Table legend: (Time is in decaauts)
 A = Elapsed time spent in this place.
 B = Non-inter-level travel time spent in this place.
 C = Inter-level travel time spent in this place.
 D = Time resting spent in this place.
 E = Time spent auto-exploring this place.
 F = Levels seen in this place.
 G = Mean time per level.
                   A        B        C        D        E       F      G
               +--------+--------+--------+--------+--------+-----+--------+
         Total |     67 |     67 |      0 |      0 |      0 |   1 |   67.0 |
       Dungeon |     67 |     67 |      0 |      0 |      0 |   1 |   67.0 |
               +--------+--------+--------+--------+--------+-----+--------+

Top non-repeatable levels by time:
       D: 67 daAuts
